 Dungeon Crawl Stone Soup version 0.18.1-48-g4cf74bf (webtiles) character file.

11956 Heedrag the Eclecticist (level 11, -11/54 HPs)
             Began as a Deep Elf Conjurer on July 23, 2016.
             Was a Priest of Vehumet.
             Mangled by an iguana (12 damage)
             ... on level 2 of the Lair of Beasts.
             The game lasted 00:43:03 (13183 turns).

Heedrag the Eclecticist (Deep Elf Conjurer)        Turns: 13183, Time: 00:43:04

Health: -11/54     AC: 15    Str:  6    XL:     11   Next: 56%
Magic:  4/32       EV: 18    Int: 24    God:    Vehumet [***...]
Gold:   717        SH:  0    Dex: 14    Spells: 4 memorised, 28 levels left

rFire  . . .     SeeInvis .     X - staff of conjuration
rCold  . . .     Gourm    .     a - +0 robe
rNeg   . . .     Faith    .     (no shield)
rPois  .         Spirit   .     E - +0 hat {Int+3}
rElec  .         Dismiss  .     q - +1 cloak
rCorr  .         Reflect  .     (no gloves)
SustAt +         Harm     .     d - +0 pair of boots
MR     +....     Rnd*Tele +     m - amulet of regeneration
Stlth  +++++.....               T - ring of sustain attributes
                                O - +4 ring of protection

@: somewhat resistant to hostile enchantments, quite stealthy
A: rough black scales 1, slimy green scales 1, teleportitis 1, weak 1
a: Renounce Religion


You were on level 2 of the Lair of Beasts.
You worshipped Vehumet.
Vehumet was most pleased with you.
You were hungry.

You visited 3 branches of the dungeon, and saw 13 of its levels.

You collected 717 gold pieces.

Inventory:

Hand Weapons
 e - a +2 dagger of holy wrath
 j - a +2 short sword of speed
 M - a +0 short sword of venom
 R - a +0 dagger of chaos
Armour
 a - a +0 robe (worn)
 d - a +0 pair of boots (worn)
 k - a +0 helmet
 q - a +1 cloak (worn)
 E - a +0 hat of intelligence (worn)
Magical Staves
 X - an uncursed staff of conjuration (weapon)
Jewellery
 m - an amulet of regeneration (around neck)
 O - a +4 ring of protection (left hand)
 T - a ring of sustain attributes (right hand)
 W - an uncursed amulet of harm
 Z - an uncursed ring of fire
Wands
 g - a wand of acid (10/15)
 A - a wand of polymorph (9/24)
 C - a wand of paralysis (10/24)
 D - a wand of random effects (16/48)
 F - a wand of disintegration (12/24)
 J - a wand of hasting (6/9)
 N - a wand of polymorph (15/24)
 Q - a wand of lightning (6/15)
 V - a wand of disintegration (6/24)
Scrolls
 n - 2 scrolls of amnesia {unknown}
 o - 2 scrolls of fear
 p - 2 scrolls of enchant weapon
 r - 4 scrolls of fog
 s - 5 scrolls of teleportation
 w - 12 scrolls of identify
 x - a scroll of noise {unknown}
 y - a scroll of immolation
 B - 3 scrolls of remove curse
 H - a scroll of recharging {unknown}
 I - a scroll of vulnerability {unknown}
 S - 3 scrolls of random uselessness {unknown}
 U - a scroll of enchant armour {unknown}
Potions
 i - 2 potions of might {unknown}
 l - 2 potions of brilliance {unknown}
 t - 2 potions of flight {unknown}
 u - 2 potions of cancellation {unknown}
 z - 3 potions of heal wounds {unknown}
 G - 7 potions of curing {unknown}
 L - 2 potions of magic {unknown}
Books
 b - a book of Conjurations

   Spells                             Type                      Level
   a - Magic Dart                     Conjuration                  1
   b - Searing Ray                    Conjuration                  2
   c - Dazzling Spray                 Conjuration/Hexes            3
   d - Fulminant Prism                Conjuration/Hexes            4
   e - Iskenderun's Mystic Blast      Conjuration                  4
   f - Iskenderun's Battlesphere      Conjuration/Charms           5
 P - a book of Fire

   Spells                             Type                      Level
   a - Ignite Poison                  Fire/Transmutation/Poison    3
   b - Fireball                       Conjuration/Fire             5
   c - Bolt of Fire                   Conjuration/Fire             6
   d - Delayed Fireball               Conjuration/Fire             7
   e - Ring of Flames                 Charms/Fire                  7
Comestibles
 c - 6 bread rations
 f - 3 beef jerkies
 h - a slice of pizza
 v - 5 meat rations


   Skills:
 + Level 9.9 Dodging
 + Level 10.2 Stealth
 * Level 15.7 Spellcasting
 + Level 9.7 Conjurations


You had 28 spell levels left.
You knew the following spells:

 Your Spells              Type           Power        Failure   Level  Hunger
a - Magic Dart            Conj           ####         1%          1    None
b - Dazzling Spray        Conj/Hex       ######       1%          3    None
c - Iskenderun's Mystic   Conj           #######.     1%          4    None
d - Iskenderun's Battles  Conj/Chrm      ######..     4%          5    ##.....


Dungeon Overview and Level Annotations

Branches:
Dungeon (10/15)            Temple (1/1) D:6            Lair (2/8) D:10
    Orc (0/2) D:10

Altars:
Ashenzari
Cheibriados
Dithmenos
Elyvilon
Fedhas
Gozag
Kikubaaqudgha
Makhleb
Nemelex Xobeh
Okawaru
Pakellas
Qazlal
Ru
Sif Muna
Trog
Vehumet
Xom
Yredelemnul
Zin
The Shining One

Shops:
D:8 :

Portals:
Volcano: Lair:2

Annotations:
Lair:2 Nergalle


Innate Abilities, Weirdness & Mutations

You are partially covered in rough black scales (AC +4, Dex -1).
You are partially covered in slimy green scales (AC +2).
You are occasionally teleported next to monsters.
You are weak. (Str -2)


Message History

Tha giant frog hits ye.
Tha giant frog hits ye but does nay damage.
Tha iguana barely misses ye.
Tha crocodile bites ye.
Tha giant frog hits ye but does nay damage.
Tha yak bellows! x3
Ye hit tha crocodile but do nay damage.
Tha giant frog hits ye but does nay damage.
Tha iguana completely misses ye.
Tha yak barely misses ye.
Tha crocodile bites ye!
* * * LOW HITPOINT WARNIN'
* * * Tha komodo dragon bites ye!
* * * LOW HITPOINT WARNIN'
* * * Tha giant frog misses ye.
Ye barely miss tha crocodile.
Tha sheep bellows!
Tha iguana barely misses ye.
Tha giant frog hits ye.
* * * LOW HITPOINT WARNIN'
* * * Tha yak closely misses ye.
Tha crocodile completely misses ye.
Tha iguana bites ye!
Ye die...

...#(............
####.................
.#..≈.....##......#.
#...#≈#..........##
#....≈..#.#......#
#.....≈.∩#.#....#...
#...#..#.#≈≈........
#...tl#.§##§≈≈......
#.@lt.≈..§........
#YFl...≈..........
#YY.#..≈....#.P...
#...........#.####.
##...##......##
#Y...#.....##
#P.YY##.....#
##.YYY.Y......
##....YY.....


You could see a komodo dragon, 6 yaks, 2 crocodiles, a giant frog, 2 iguanas and
3 sheep.

Vanquished Creatures
  Gastronok (D:8)
  A hydra (Lair:1)
  The ghost of ThereIsNoGod the Severer, a novice MiGl of Makhleb (D:9)
  The ghost of Typee the Grappler, a novice DrTm of Cheibriados (D:7)
  A hill giant (D:10)
  Joseph (D:8)
  2 spiny frogs
  A gargoyle (D:10)
  Psyche (D:8)
  A komodo dragon (Lair:1)
  Prince Ribbit (D:7)
  Grinder (D:6)
  A wyvern (D:10)
  2 hippogriffs (Lair:2)
  A hungry ghost (D:7)
  Menkaure (D:6)
  2 water moccasins
  3 porcupines
  Duvessa (D:7)
  3 sky beasts
  A necrophage (D:10)
  4 orc warriors
  2 ice beasts
  3 crocodiles (Lair:1)
  5 ogres
  2 centaurs
  The ghost of Heedrag the Magician, an amateur DECj (D:3)
  A big kobold (D:10)
  6 giant frogs
  A water moccasin zombie (D:5)
  Dowan (D:7)
  4 scorpions
  3 killer bees (D:10)
  8 howler monkeys
  3 crimson imps
  A giant frog zombie (D:8)
  A wasp zombie (D:9)
  5 hounds
  13 orc wizards
  4 orc priests
  4 jellies
  3 centaur skeletons
  A giant frog skeleton (D:8)
  4 iguanas
  6 worker ants
  2 hound skeletons
  9 gnolls
  7 adders
  8 river rats (Lair:1)
  3 shadow imps
  3 adder skeletons
  7 worms
  4 dart slugs
  3 giant geckos
  32 orcs
  4 bats
  6 giant cockroaches
  11 goblins
  8 hobgoblins
  5 jackals
  10 kobolds
  2 quokkas
  7 giant newts
  2 quokka zombies
  7 rats
254 creatures vanquished.

Vanquished Creatures (others)
  A bush (D:9)
  11 plants (D:9)
12 creatures vanquished.

Grand Total: 266 creatures vanquished

Notes
Turn   | Place    | Note
--------------------------------------------------------------
     0 | D:1      | Heedrag the Deep Elf Conjurer began the quest for the Orb.
     0 | D:1      | Reached XP level 1. HP: 10/10 MP: 6/6
   156 | D:1      | Reached XP level 2. HP: 15/15 MP: 5/8
   183 | D:1      | Reached skill level 4 in Spellcasting
   991 | D:2      | Found a stormy altar of Qazlal.
  1032 | D:2      | Reached XP level 3. HP: 19/19 MP: 1/11
  1043 | D:2      | Learned a level 3 spell: Dazzling Spray
  1224 | D:2      | Reached skill level 5 in Spellcasting
  2437 | D:3      | Noticed Heedrag's ghost (amateur DECj)
  2442 | D:3      | Killed Heedrag's ghost
  2442 | D:3      | Reached skill level 6 in Spellcasting
  2442 | D:3      | Reached XP level 4. HP: 20/24 MP: 6/14
  2496 | D:3      | Found an oddly glowing altar of Pakellas.
  2589 | D:3      | Reached skill level 7 in Spellcasting
  2684 | D:3      | Reached XP level 5. HP: 28/28 MP: 14/16
  2836 | D:4      | Noticed an ogre
  2843 | D:4      | Killed an ogre
  2843 | D:4      | Reached skill level 8 in Spellcasting
  2976 | D:4      | Learned a level 4 spell: Iskenderun's Mystic Blast
  3208 | D:4      | Noticed an ogre
  3228 | D:4      | Killed an ogre
  3228 | D:4      | Reached XP level 6. HP: 32/32 MP: 0/19
  3376 | D:4      | Reached skill level 9 in Spellcasting
  3633 | D:5      | Entered Level 5 of the Dungeon
  3826 | D:6      | Reached XP level 7. HP: 36/36 MP: 7/22
  4387 | D:6      | Reached skill level 10 in Spellcasting
  4437 | D:6      | Learned a level 5 spell: Iskenderun's Battlesphere
  4480 | D:5      | Reached skill level 5 in Conjurations
  4882 | D:5      | Reached XP level 8. HP: 41/41 MP: 8/24
  5117 | D:5      | Reached skill level 5 in Stealth
  5270 | D:6      | Noticed Menkaure
  5277 | D:6      | Killed Menkaure
  5358 | D:6      | Noticed Grinder
  5367 | D:6      | Killed Grinder
  5367 | D:6      | Reached skill level 5 in Dodging
  5367 | D:6      | Reached skill level 11 in Spellcasting
  5516 | D:6      | Found a staircase to the Ecumenical Temple.
  5543 | Temple   | Entered the Ecumenical Temple
  5559 | Temple   | Became a worshipper of Vehumet
  5975 | D:6      | Found a glowing silver altar of Zin.
  6137 | D:7      | Noticed Typee's ghost (novice DrTm)
  6458 | D:7      | Noticed Duvessa
  6478 | D:7      | Killed Duvessa
  6561 | D:7      | Reached XP level 9. HP: 37/45 MP: 8/26
  6643 | D:7      | Noticed Dowan
  6646 | D:7      | Killed Dowan
  6877 | D:7      | Found an opulent altar of Gozag.
  7030 | D:7      | Found a shimmering altar of Xom.
  7065 | D:7      | Reached skill level 12 in Spellcasting
  7170 | D:7      | Noticed Prince Ribbit
  7174 | D:7      | Killed Prince Ribbit
  7312 | D:8      | Noticed Gastronok
  7597 | D:8      | Noticed Psyche
  7598 | D:8      | Noticed Joseph
  7637 | D:8      | Reached * piety under Vehumet
  7637 | D:8      | Offered knowledge of Shock by Vehumet.
  7768 | D:8      | Killed Joseph
  7805 | D:8      | Killed Psyche
  7805 | D:8      | Reached skill level 13 in Spellcasting
  8015 | D:8      | Found Vaisid's Book Boutique.
  8406 | D:9      | Noticed ThereIsNoGod's ghost (novice MiGl)
  8407 | D:9      | Reached XP level 10. HP: 28/50 MP: 1/29
  8725 | D:10     | Entered Level 10 of the Dungeon
  8916 | D:10     | Offered knowledge of Freeze by Vehumet.
  8924 | D:10     | Reached ** piety under Vehumet
  9092 | D:10     | Found a staircase to the Lair.
  9425 | D:10     | Noticed a gargoyle
  9435 | D:10     | Killed a gargoyle
  9582 | D:10     | Found a staircase to the Orcish Mines.
 10166 | D:10     | Reached skill level 14 in Spellcasting
 10419 | D:10     | Noticed a hill giant
 10438 | D:10     | Killed a hill giant
 10903 | D:9      | Killed ThereIsNoGod's ghost
 11091 | D:9      | Gained mutation: You are occasionally teleported next to monsters. [potion of mutation]
 11091 | D:9      | Gained mutation: You are weak. (Str -2) [potion of mutation]
 11091 | D:9      | Gained mutation: You are partially covered in rough black scales (AC +4, Dex -1). [potion of mutation]
 11107 | D:9      | Offered knowledge of Stone Arrow by Vehumet.
 11135 | D:9      | Found a blossoming altar of Fedhas.
 11210 | D:9      | Found a burning altar of Makhleb.
 11251 | D:9      | Found a shattered altar of Ashenzari.
 11400 | D:9      | Gained mutation: You are partially covered in slimy green scales (AC +2). [potion of beneficial mutation]
 11728 | D:8      | Killed Gastronok
 11728 | D:8      | Reached skill level 15 in Spellcasting
 11728 | D:8      | Reached XP level 11. HP: 32/54 MP: 9/32
 11924 | D:7      | Killed Typee's ghost
 12240 | Lair:1   | Entered Level 1 of the Lair of Beasts
 12253 | Lair:1   | Noticed a four-headed hydra
 12256 | Lair:1   | Killed a four-headed hydra
 12461 | Lair:1   | Reached skill level 10 in Stealth
 12467 | Lair:1   | Reached *** piety under Vehumet
 12929 | Lair:2   | Noticed Nergalle
 12965 | Lair:1   | Offered knowledge of Throw Icicle by Vehumet.
 13156 | Lair:2   | Found a dark tunnel.
 13182 | Lair:2   | HP: 1/54 [komodo dragon (13)]
 13183 | Lair:2   | Mangled by an iguana

Skill      XL: |  1  2  3  4  5  6  7  8  9 10 11 |
---------------+----------------------------------+-----
Spellcasting   | 4 6 7 8 9 10 11 13 15 | 15.7
Stealth        | 3 4 6 7 9 10 | 10.2
Dodging        | 3 4 5 7 9 |  9.9
Conjurations   | 5 6 7 9 |  9.7

Action                   |  1- 3 |  4- 6 |  7- 9 | 10-12 || total
-------------------------+-------+-------+-------+-------++-------
Melee: Dagger            |     8 |     4 |    13 |       ||    25
       Short sword       |       |       |    20 |     5 ||    25
       Staff             |       |       |       |    10 ||    10
 Cast: Magic Dart        |   140 |    77 |   292 |   190 ||   699
       Dazzling Spray    |       |    18 |    64 |    61 ||   143
       Iskenderun's Myst |       |       |    35 |   101 ||   136
  Use: Scroll            |       |     3 |     5 |     2 ||    10
       Potion            |       |       |       |     6 ||     6
 Stab: Invisible         |       |       |     1 |       ||     1
  Eat: Chunk             |     4 |     5 |    12 |    10 ||    31
       Fruit             |       |       |     2 |       ||     2
       Pizza             |       |       |     1 |       ||     1
       Bread ration      |       |       |       |     1 ||     1
Armor: Robe              |     4 |     6 |    38 |    45 ||    93
Dodge: Dodged            |    15 |    13 |    92 |   142 ||   262
